 Dungeon Crawl Stone Soup version 0.31-a0-1074-g0b22e4e0f1 (webtiles) character file.

Game seed: 4897905957463195826

22 Forgeling the Shooter (level 2, 0/19 HPs)
             Began as an Octopode Hunter on Dec 1, 2023.
             Succumbed to an adder's poison
             ... on level 2 of the Dungeon.
             The game lasted 00:01:00 (1042 turns).

Forgeling the Shooter (Octopode Hunter)             Turns: 1042, Time: 00:01:00

Health: 0/19       AC:  1    Str: 10    XL:     2   Next: 91%
Magic:  2/2        EV: 13    Int: 11    God:
Gold:   71         SH:  0    Dex: 15    Spells: 1/1 levels left

rFire   . . .        e - +1 short sword (flame)
rCold   . . .        (no shield)
rNeg    . . .        (helmet restricted)
rPois   .            (no amulet)
rElec   .            (no ring)
rCorr   .            (no ring)
SInv    .            (no ring)
Will    .....        (no ring)
Stlth   +++          (no ring)
HPRegen 0.23/turn    (no ring)
MPRegen 0.08/turn    (no ring)
                     (no ring)

%: no passive effects
@: lethally poisoned (0 -> -3), hasted, very quick
A: almost no armour, amphibious, 8 rings, camouflage 1, gelatinous body 1,
(nimble swimmer 1), tentacles
a: no special abilities


You were on level 2 of the Dungeon.
You visited 1 branch of the dungeon, and saw 2 of its levels.

You collected 71 gold pieces.

Inventory:

Hand Weapons
 a - a +0 shortbow
 e - a +1 short sword of flaming (weapon)
Scrolls
 F - a scroll of fog
 O - a scroll of silence
 S - a scroll of butterflies


   Skills:
 - Level 2.0 Fighting
 + Level 4.8 Ranged Weapons
 - Level 2.0 Dodging
 - Level 1.3 Stealth


You had one spell level left.
You didn't know any spells.
Your spell library was empty.

Dungeon Overview and Level Annotations

Branches:
Dungeon (2/15)

Altars:


Innate Abilities, Weirdness & Mutations

You cannot wear most types of armour.
You are amphibious.
You can wear up to eight rings at the same time.
Your skin changes colour to match your surroundings (Stealth+).
Your rubbery body absorbs attacks. (AC +1, EV +1)
((You are camouflaged when in or above water. (Stealth+)))
You have tentacles for arms and can constrict up to eight enemies at once.


Message History

No target in view!
You shoot an arrow. The arrow hits the adder.
The adder is severely wounded.
You shoot an arrow. The arrow misses the adder.
You shoot an arrow. The arrow misses the adder.
The adder bites you.
You are poisoned.
The adder poisons you!
You shoot an arrow. The arrow hits the adder.
The adder is severely wounded.
The adder bites you.
You are more poisoned.
The adder poisons you!
Okay, then.
Your +1 short sword of flaming bursts into flame!
e - a +1 short sword of flaming (weapon)
The adder bites you.
You are lethally poisoned!
The adder poisons you!
You miss the adder. You grab the adder.
The adder is severely wounded.
You constrict the adder.
You feel very sick. The adder bites you.
* * * LOW HITPOINT WARNING * * *
You hit the adder. You burn the adder.
You kill the adder!
* * * LOW HITPOINT WARNING * * *
You feel very sick.
It was a potion of haste.
You feel yourself speed up.
* * * LOW HITPOINT WARNING * * *
There is a lethal amount of poison in your body!
There is a lethal amount of poison in your body!
There is a lethal amount of poison in your body!
There is a lethal amount of poison in your body!
There is a lethal amount of poison in your body!
Unknown command.
* * * LOW HITPOINT WARNING * * *
* * * LOW HITPOINT WARNING * * *
* * * LOW HITPOINT WARNING * * *
You die...

##.## ##.## #.# #.# #.#
#.# ###.# ##'## #...#
##...# #######.###
##..... ##.....#.# ##
##...... #..PP....#...##
#.......
.^P...P@†.......+.......
.P.[..PP.#...####.......
.PP.8..P.##.## ##......
.PP....P.# ## ##.....
..PP.P...# ##...#
#...PP.... ##'##
##.....### #.# ######
#.# ##.##


There were no monsters in sight!

Vanquished Creatures
  An adder (D:2)
  2 dart slugs
  A giant cockroach (D:1)
  A hobgoblin (D:1)
  3 ball pythons
  A bat (D:1)
  A frilled lizard (D:1)
  A rat (D:1)
11 creatures vanquished.

Notes
Turn   | Place    | Note
-------+----------+-------------------------------------------
     0 | D:1      | Forgeling the Octopode Hunter began the quest for the Orb.
     0 | D:1      | Reached XP level 1. HP: 14/14 MP: 1/1
   130 | D:1      | Found a faded altar of an unknown god.
   709 | D:1      | Reached XP level 2. HP: 18/19 MP: 2/2
  1042 | D:2      | Succumbed to an adder's poison

Illustrated notes

Levels and vault maps discovered:
D:1:      spicycebolla_arrival_xxxplode, layout_basic,
          shapermc_ecumenical_altar_totnotflames
D:2:      layout_loops_corners, minmay_statues_item,
          dreamdust_mushroom_princess, uniq_terence, uniq_robin, uniq_sigmund

Action                     || total
---------------------------++-------
  Melee: Short sword       ||     2
         Constrict         ||     1
   Fire: Shortbow          ||    33
    Use: Scroll            ||     2
         Potion            ||     1
 Armour: Skin              ||    10
  Dodge: Dodged            ||    10

Table legend: (Time is in decaauts)
 A = Elapsed time spent in this place.
 B = Non-inter-level travel time spent in this place.
 C = Inter-level travel time spent in this place.
 D = Time resting spent in this place.
 E = Time spent auto-exploring this place.
 F = Levels seen in this place.
 G = Mean time per level.
                   A        B        C        D        E       F      G
               +--------+--------+--------+--------+--------+-----+--------+
         Total |   1045 |   1000 |     45 |      0 |    927 |   2 |  522.5 |
       Dungeon |   1045 |   1000 |     45 |      0 |    927 |   2 |  522.5 |
               +--------+--------+--------+--------+--------+-----+--------+

Top non-repeatable levels by time:
     D:1: 939 daAuts
     D:2: 106 daAuts
